 Dungeon Crawl Stone Soup version 0.31-a0-986-g5e6e4ef867 (webtiles) character file.

Game seed: 9861346593147005556

1206 FakeRyeBread the Cudgeller (level 8, -3/51 HPs)
             Began as a Gargoyle Fighter on Nov 8, 2023.
             Slain by a gnoll
             ... wielding a +0 halberd
             ... led by a gnoll bouda
              (7 damage)
             ... on level 5 of the Dungeon.
             The game lasted 00:14:11 (4359 turns).

FakeRyeBread the Cudgeller (Gargoyle Fighter)       Turns: 4359, Time: 00:14:12

Health: -3/51      AC: 23    Str: 22    XL:     8   Next: 45%
Magic:  8/8        EV:  6    Int:  9    God:
Gold:   282        SH:  6    Dex:  9    Spells: 7/7 levels left

rFire   . . .        a - +0 flail (heavy)
rCold   . . .        c - +1 buckler
rNeg    + . .        o - +0 plate armour
rPois   ∞            q - +0 helmet
rElec   +            b - +2 cloak {rCorr}
rCorr   +            t - +0 pair of gloves
SInv    .            (no boots)
Will    .....        (no amulet) Stlth
                     (no ring)
HPRegen 0.28/turn    (no ring)
MPRegen 0.11/turn

%: no passive effects
@: weakened
A: sickness immunity, AC +5, negative energy resistance 1, electricity
resistance, torment resistance 1, petrification resistance
a: no special abilities


You were on level 5 of the Dungeon.
You visited 1 branch of the dungeon, and saw 5 of its levels.
You also visited: Sewer.

You collected 282 gold pieces.

Inventory:

Hand Weapons
 a - a +0 heavy flail (weapon)
Missiles
 g - 7 boomerangs (quivered)
Armour
 b - a +2 cloak of preservation (worn)
 c - a +1 buckler (worn)
 o - a +0 plate armour (worn)
 q - a +0 helmet (worn)
 t - a +0 pair of gloves (worn)
Scrolls
 p - 3 scrolls of teleportation
 u - a scroll of silence
 v - a scroll of enchant weapon {unknown}
Potions
 d - a potion of might
 e - 2 potions of heal wounds {unknown}
 f - 3 potions of attraction {unknown}
 h - a potion of cancellation {unknown}
 i - a potion of experience {unknown}
 j - 2 potions of haste {unknown}
 k - a potion of enlightenment {unknown}
 l - a potion of resistance {unknown}
 m - 4 potions of curing {unknown}
 n - a potion of invisibility {unknown}
 r - a potion of lignification {unknown}
 s - 4 potions of mutation {unknown}


   Skills:
 + Level 5.8 Fighting
 * Level 6.5 Maces & Flails
 + Level 5.7 Armour
 + Level 5.7 Shields


You had 7 spell levels left.
You didn't know any spells.
Your spell library contained the following spells:

 Spells                   Type           Power      Damage    Failure   Level
 Apportation              Tloc           0%         N/A       100%        1
 Necrotise                Necr           0%         1d4       100%        1
 Slow                     Hex            0%         N/A       100%        1
 Summon Small Mammal      Summ           0%         N/A       100%        1
 Confusing Touch          Hex            0%         N/A       100%        3
 Hailstorm                Conj/Ice       0%         3d3       100%        3
 Sigil of Binding         Hex            0%         N/A       100%        3
 Vampiric Draining        Necr           0%         2d6       100%        3
 Summon Ice Beast         Ice/Summ       0%         N/A       100%        4
 Simulacrum               Ice/Necr       0%         N/A       100%        6


Dungeon Overview and Level Annotations

Branches:
Dungeon (5/15)              Sewer (visited)
 Temple: D:4-7

Altars:
Hepliaklqana
Uskayaw

Annotations:
D:3 1 transporter, Dordric's ghost, amateur OpSh


Innate Abilities, Weirdness & Mutations

You are immune to sickness and miasma.
Your stone body is resilient. (AC +5)
You are immune to poison.
You resist negative energy. (rN+)
You are resistant to electric shocks. (rElec)
You are resistant to unholy torment.
You are immune to petrification.


Message History

The gnoll bouda hits you but does no damage.
The gnoll hits you but does no damage.
You closely miss the gnoll bouda.
The gnoll bouda is moderately wounded.
The gnoll hits you from afar with a +0 halberd.
You block the gnoll's attack.
The gnoll bouda gazes fiercely through you!
You feel as though you will be weak longer.
The gnoll bouda barely misses you. The gnoll hits you but does no damage.
The gnoll hits you from afar with a +0 halberd. x2
The gnoll bouda hits you but does no damage.
You barely miss the gnoll bouda.
The gnoll bouda is moderately wounded.
You block the gnoll's attack. The gnoll barely misses you.
The gnoll hits you from afar with a +0 halberd.
The gnoll bouda hits you but does no damage.
The gnoll hits you with a +0 club.
The gnoll hits you from afar with a +0 halberd.
* * * LOW HITPOINT WARNING * * *
You closely miss the gnoll bouda.
The gnoll bouda is moderately wounded.
The gnoll barely misses you.
The gnoll bouda hits you but does no damage.
The gnoll barely misses you. You block the gnoll's attack. x2
The gnoll bouda barely misses you.
You hit the gnoll bouda.
The gnoll bouda is severely wounded.
You block the gnoll's attack. The gnoll barely misses you. x2
The gnoll bouda hits you but does no damage.
The gnoll hits you but does no damage.
The gnoll hits you from afar with a +0 halberd!
* * * LOW HITPOINT WARNING * * *
The gnoll hits you but does no damage.
You closely miss the gnoll bouda.
The gnoll bouda is severely wounded.
The gnoll bouda gazes fiercely through you!
You feel as though you will be weak longer.
The gnoll bouda barely misses you. You block the gnoll's attack. x2
The gnoll hits you from afar with a +0 halberd!
You die...

######## .......#########..
...............+..
....†..........#..
#..............+.#+########
#.#####........#.#.#.......
....#..........#.#.#......^
..#.#.#<.......#g#.#.......
................@.g'...>...
....#...........g#g#...####
...............###.#<..#
...............+ ..#...#
...............#.......#
#######........#.......# ..
##########........ ##
#.......## ..


You could see a gnoll bouda and 3 gnolls.

Vanquished Creatures
  Sigmund (D:4)
  A black bear (D:5)
  2 kobold brigands (Sewer)
  A phantom (D:3)
  Blork the orc (D:4)
  2 scorpions (D:4)
  A jelly (D:5)
  An orc priest (D:4)
  Crazy Yiuf (D:4)
  A sleepcap (D:5)
  4 iguanas
  2 orc wizards
  A gnoll (D:5)
  11 adders
  4 river rats (Sewer)
  A worm (D:2)
  5 dart slugs
  20 orcs
  5 endoplasms
  9 giant cockroaches
  7 goblins
  4 hobgoblins
  A quokka (D:2)
  13 ball pythons
  5 bats
  3 frilled lizards
  15 kobolds
  29 rats
151 creatures vanquished.

Notes
Turn   | Place    | Note
-------+----------+-------------------------------------------
     0 | D:1      | FakeRyeBread the Gargoyle Fighter began the quest for the
                  | Orb.
     0 | D:1      | Reached XP level 1. HP: 14/14 MP: 1/1
   116 | D:1      | Reached XP level 2. HP: 15/19 MP: 2/2
   686 | D:2      | Reached XP level 3. HP: 23/23 MP: 3/3
   852 | D:2      | Found a faded altar of an unknown god.
  1119 | D:2      | Reached skill level 3 in Maces & Flails
  1119 | D:2      | Reached XP level 4. HP: 29/29 MP: 4/4
  1295 | D:2      | Found a hide-covered altar of Uskayaw.
  1505 | D:3      | Found a transporter.
  1506 | D:3      | Noticed Dordric's ghost (amateur OpSh)
  1507 | D:3      | Noticed an ogre
  1509 | D:3      | Noticed an ogre
  1608 | D:3      | Noticed a phantom
  1624 | D:3      | Killed a phantom
  1625 | D:3      | Reached XP level 5. HP: 18/33 MP: 5/5
  2027 | D:3      | Reached skill level 4 in Maces & Flails
  2479 | D:4      | Found a sand-covered staircase.
  2496 | D:4      | Reached XP level 6. HP: 39/39 MP: 6/6
  2513 | D:4      | Noticed Blork the orc
  2580 | D:4      | Killed Blork the orc
  2713 | D:4      | Found a glowing drain.
  2779 | Sewer    | Entered a sewer
  3036 | Sewer    | Reached XP level 7. HP: 30/44 MP: 7/7
  3280 | Sewer    | Reached skill level 5 in Maces & Flails
  3287 | Sewer    | Reached skill level 5 in Fighting
  3287 | Sewer    | Reached skill level 5 in Shields
  3677 | D:4      | Reached skill level 5 in Armour
  3712 | D:4      | Found a hazy altar of Hepliaklqana.
  3761 | D:4      | Noticed Sigmund
  3781 | D:4      | Killed Sigmund
  3782 | D:4      | Reached XP level 8. HP: 25/49 MP: 8/8
  3897 | D:4      | Found a runed translucent door.
  3898 | D:4      | Noticed Crazy Yiuf
  3904 | D:4      | Killed Crazy Yiuf
  4096 | D:4      | Reached skill level 6 in Maces & Flails
  4129 | D:5      | Entered Level 5 of the Dungeon
  4359 | D:5      | Slain by a gnoll

Illustrated notes

Levels and vault maps discovered:
D:1:      co_arrival_square_in_a_square_in_a_square, layout_basic,
          minmay_tetromino_l4
D:2:      layout_loops_ring, hellmonk_ecumenical_altar_run_dry, basic_altar,
          nicolae_half_adder
D:3:      layout_basic, gammafunk_ghost_smash
D:4:      layout_rooms, nicolae_hepliaklqana_hippocampus,
          nicolae_ossuary_entry_ruins, portal_sewer_entry_a,
          uniq_crazy_yiuf_cottage, uniq_sigmund, uniq_blork_the_orc
D:5:      layout_basic, serial_aquarium, aquarium_bridge_straight
          [aquarium_subvault_bridge, aquarium_subvault_window,
          aquarium_subvault_bridge, aquarium_subvault_window],
          aquarium_window_fake, aquarium_window_corner, aquarium_window_fake,
          aquarium_window_fake, aquarium_view_2d, aquarium_pool_double

Skill      XL: |  1  2  3  4  5  6  7  8 |
---------------+-------------------------+-----
Maces & Flails | 3 4 5 6 |  6.5
Fighting       | 4 5 |  5.8
Armour         | 4 5 |  5.7
Shields        | 4 5 |  5.7

Action                     |  1- 3 |  4- 6 |  7- 9 || total
---------------------------+-------+-------+-------++-------
  Melee: Flail             |    87 |   190 |   167 ||   444
    Use: Scroll            |     5 |     4 |     1 ||    10
 Armour: Scale mail        |    55 |   251 |   139 ||   445
         Plate armour      |       |       |   112 ||   112
  Dodge: Dodged            |    47 |   127 |   112 ||   286
  Block: Buckler           |    17 |    83 |    86 ||   186

Table legend: (Time is in decaauts)
 A = Elapsed time spent in this place.
 B = Non-inter-level travel time spent in this place.
 C = Inter-level travel time spent in this place.
 D = Time resting spent in this place.
 E = Time spent auto-exploring this place.
 F = Levels seen in this place.
 G = Mean time per level.
                   A        B        C        D        E       F      G
               +--------+--------+--------+--------+--------+-----+--------+
         Total |   4662 |   4201 |    461 |    367 |   2305 |   6 |  777.0 |
       Dungeon |   3685 |   3224 |    461 |    306 |   1878 |   5 |  737.0 |
         Sewer |    977 |    977 |      0 |     61 |    427 |   1 |  977.0 |
               +--------+--------+--------+--------+--------+-----+--------+

Top non-repeatable levels by time:
     D:3: 1175 daAuts
   Sewer: 977 daAuts
     D:2: 831 daAuts
     D:4: 727 daAuts
     D:1: 689 daAuts
     D:5: 261 daAuts
